Map: Crête de Lerilak

Players

barokHD - Winner!

  • Race: Protoss Protoss
  • League: Diamond

InÐaFace

  • Race: Protoss Protoss
  • League: Diamond

VOD

Have the link to the VOD?

Description

Time

  • Played on: Jan. 27, 2016, 11:09 a.m.
  • Length: 5:10
Show
View Real Time Build Order
Export as new Build Order

barokHD Protoss - Winner!

Build Orders:  

Get SALT Encoding   

  12  0:01  Probe (Chrono Boost)  
  13  0:11  Probe (Chrono Boost)  
  14  0:18  Pylon  
  14  0:22  Probe (Chrono Boost)  
  15  0:36  Probe (Chrono Boost)  
  15  0:38  Gateway  
  16  0:47  Probe (Chrono Boost)  
  16  0:49  Assimilator  
  17  0:53  Assimilator  
  17  0:57  Probe (Chrono Boost)  
  18  1:08  Probe (Chrono Boost)  
  18  1:10  Gateway  
  20  1:18  Probe (Chrono Boost)  
  20  1:27  Cybernetics Core  
  20  1:31  Probe (Chrono Boost)  
  21  1:39  Pylon  
  21  1:41  Probe (Chrono Boost)  
  22  1:57  Probe (Chrono Boost)  
  23  2:03  Stalker x2  
  27  2:11  Pylon  
  27  2:15  Warp Gate (Chrono Boost)  
  27  2:33  Stalker x2  
  31  2:47  Gateway  
  31  2:52  Gateway  
  31  3:01  Pylon  
  31  3:07  Stalker  
  33  3:18  Stalker  
  35  3:25  Pylon  
  35  4:05  Stalker x4  
  41  4:31  Zealot x4  
  43  4:58  Stalker x4  
Show
View Real Time Build Order
Export as new Build Order

InÐaFace Protoss 

Build Orders: 1 Gate Expand 

Get SALT Encoding   

  12  0:01  Probe (Chrono Boost)  
  13  0:11  Probe (Chrono Boost)  
  14  0:18  Pylon  
  14  0:22  Probe (Chrono Boost)  
  15  0:36  Probe (Chrono Boost)  
  15  0:37  Gateway  
  16  0:47  Probe (Chrono Boost)  
  17  0:57  Probe (Chrono Boost)  
  18  1:08  Probe (Chrono Boost)  
  19  1:16  Nexus  
  19  1:22  Assimilator  
  19  1:27  Assimilator  
  19  1:34  Cybernetics Core  
  19  1:37  Probe (Chrono Boost)  
  20  1:48  Probe (Chrono Boost)  
  21  2:01  Probe (Chrono Boost)  
  21  2:06  Gateway, Pylon  
  22  2:11  Warp Gate (Chrono Boost)  
  22  2:32  Mothership Core  
  22  2:33  Probe  
  25  2:38  Stalker  
  27  2:46  Probe  
  28  2:52  Robotics Facility  
  28  2:54  Probe  
  29  2:58  Probe  
  29  3:01  Stalker  
  32  3:06  Probe  
  32  3:10  Probe  
  34  3:17  Probe  
  35  3:22  Probe  
  35  3:24  Pylon  
  36  3:31  Stalker  
  38  3:42  Immortal (Chrono Boost)  
  42  3:49  Probe  
  42  3:50  Pylon  
  42  3:53  Pylon  
  43  4:07  Stalker  
  45  4:13  Mothership Core  
  45  4:22  Probe  
  46  4:25  Zealot  
  48  4:35  Pylon  
  48  4:41  Pylon  
  48  4:51  Probe  
  48  4:52  Probe  
  44  4:56  Stalker x2  
Tags
 
Add a new tag
Caveats
  • Supply blocks, unpowered buildings, or Contaminate may cause inaccurate times.
  • Supply counts are checked every 10 seconds.